[Event "ICC tourney 2356 (30 5)"]
[Site "Internet Chess Club"]
[Date "2021.01.30"]
[Round "3"]
[White "SAHYOliver"]
[Black "felix2021"]
[Result "1-0"]
[ICCResult "Black resigns"]
[WhiteElo "1249"]
[BlackElo "978"]
[Opening "Scotch gambit"]
[ECO "C44"]
[NIC "SO.06"]
[Time "14:12:37"]
[PlyCount "53"]
[TimeControl "1800+5"]

1. e4 e5 2. d4 exd4 3. Nf3 Nc6 4. Bc4 Bc5 5. c3 dxc3 6. Bxf7+ Kxf7 7. Qd5+
Ke8 8. Qxc5 cxb2 9. Bxb2 d6 10. Qc1 Nb4 11. Qc3 c5 12. Nbd2 Nf6 13. O-O Be6
14. a3 Nc6 15. Qc2 d5 16. exd5 Nxd5 17. Rfe1 Nf4 18. Qe4 Qd6 19. Nc4 Qc7
20. g3 Nh3+ 21. Kg2 Nd8 22. Qg4 Kd7 23. Qxg7+ Kc6 24. Qxh8 Bxc4 25. Qf6+
Kb5 26. Kxh3 Bd5 27. a4+ { Black resigns } 1-0

[Event "ICC tourney 2356 (30 5)"]
[Site "Internet Chess Club"]
[Date "2021.01.30"]
[Round "3"]
[White "IxoyeMoguelLara"]
[Black "BryBro"]
[Result "1-0"]
[ICCResult "Black checkmated"]
[WhiteElo "1312"]
[BlackElo "1211"]
[Opening "English opening"]
[ECO "A21"]
[NIC "EO.23"]
[Time "14:12:52"]
[PlyCount "79"]
[TimeControl "1800+5"]

1. c4 e5 2. Nc3 c6 3. Nf3 d6 4. d4 exd4 5. Nxd4 c5 6. Ndb5 a6 7. Qa4 Bd7 8.
Nd5 Bxb5 9. cxb5 Nd7 10. e3 axb5 11. Qxa8 Qxa8 12. Nc7+ Kd8 13. Nxa8 Ngf6
14. Bd2 g6 15. Bxb5 Bg7 16. Bc3 Rg8 17. O-O-O Ke7 18. Nc7 Nb6 19. e4 Nxe4
20. Bxg7 Rxg7 21. Rhe1 Kd8 22. Ne8 Rg8 23. Rxe4 d5 24. Nf6 Rh8 25. Nxd5
Nxd5 26. Rxd5+ Kc7 27. Re8 Rxe8 28. Bxe8 f5 29. Rd7+ Kc8 30. Rxh7 g5 31.
Bd7+ Kc7 32. Bxf5+ Kb6 33. Be4 g4 34. Rxb7+ Ka6 35. Bd5 g3 36. hxg3 c4 37.
a3 c3 38. bxc3 Ka5 39. Bc4 Ka4 40. Ra7# { Black checkmated } 1-0

[Event "ICC tourney 2356 (30 5)"]
[Site "Internet Chess Club"]
[Date "2021.01.30"]
[Round "3"]
[White "LionsDavidS"]
[Black "rbnyc"]
[Result "1-0"]
[ICCResult "Black checkmated"]
[WhiteElo "1304"]
[BlackElo "1183"]
[Opening "QGD: Marshall defense"]
[ECO "A50"]
[NIC "QP.07"]
[Time "14:11:57"]
[PlyCount "53"]
[TimeControl "1800+5"]

1. d4 Nf6 2. c4 d5 3. cxd5 Nxd5 4. Nf3 e6 5. Nc3 Bb4 6. Bd2 Nxc3 7. bxc3
Bd6 8. e4 c5 9. e5 Be7 10. Bb5+ Nc6 11. Bxc6+ bxc6 12. Qa4 Bd7 13. O-O O-O
14. dxc5 Bxc5 15. Qe4 f6 16. exf6 Qxf6 17. Rad1 h6 18. Be3 Bxe3 19. fxe3
Rad8 20. Ne5 Qe7 21. Rxf8+ Qxf8 22. Rxd7 Rb8 23. Rf7 Qa3 24. Rxg7+ Kf8 25.
Rf7+ Ke8 26. Qxc6+ Kd8 27. Qd7# { Black checkmated } 1-0

[Event "ICC tourney 2356 (30 5)"]
[Site "Internet Chess Club"]
[Date "2021.01.30"]
[Round "3"]
[White "RohanL"]
[Black "tisernhagen1"]
[Result "1-0"]
[ICCResult "Black checkmated"]
[WhiteElo "1120"]
[BlackElo "1193"]
[Opening "Giuoco Piano"]
[ECO "C54"]
[NIC "IG.02"]
[Time "14:12:06"]
[PlyCount "97"]
[TimeControl "1800+5"]

1. e4 e5 2. Nf3 Nc6 3. Bc4 Bc5 4. c3 Nf6 5. d3 d6 6. Bb3 Be6 7. Bc2 h6 8.
Nbd2 O-O 9. Nf1 Qd7 10. Ng3 Rad8 11. Ba4 a6 12. O-O b5 13. Bc2 d5 14. Qe2
dxe4 15. dxe4 Bc4 16. Qe1 Bxf1 17. Qxf1 Qe6 18. Bb3 Qe7 19. Nf5 Qd7 20. Bc2
Ne7 21. N3h4 Ng6 22. Nf3 Ng4 23. Be3 Nxe3 24. fxe3 Ne7 25. Rd1 Qe6 26. Bb3
Qf6 27. Nxe7+ Qxe7 28. Re1 Kh8 29. Qf2 c6 30. Nh4 Qa7 31. Nf5 Qd7 32. Qg3
f6 33. Be6 Qe7 34. Nxe7 Bxe7 35. Qg6 Rd2 36. Bf5 Kg8 37. Rf1 Bc5 38. Rf3
Rd1+ 39. Kf2 Rd2+ 40. Ke1 Rfd8 41. Rg3 Rd1+ 42. Ke2 R8d2+ 43. Kf3 Rf1+ 44.
Kg4 Rdf2 45. Kh5 Bf8 46. Be6+ Kh8 47. Qf7 g6+ 48. Kxg6 Rf5 49. Qg8# { Black
checkmated } 1-0

[Event "ICC tourney 2356 (30 5)"]
[Site "Internet Chess Club"]
[Date "2021.01.30"]
[Round "3"]
[White "AdrianJSPS33"]
[Black "SPBrain"]
[Result "0-1"]
[ICCResult "White checkmated"]
[WhiteElo "925"]
[BlackElo "1342"]
[Opening "Giuoco Pianissimo: Italian four knights variation"]
[ECO "C47"]
[NIC "RG.01"]
[Time "14:12:06"]
[PlyCount "132"]
[TimeControl "1800+5"]

1. e4 e5 2. Nf3 Nf6 3. Nc3 Nc6 4. Bc4 Bc5 5. d3 h6 6. Be3 Bb6 7. Qd2 d6 8.
h3 Nd4 9. Bxd4 exd4 10. Na4 O-O 11. Nxb6 axb6 12. e5 dxe5 13. Nxe5 Qe7 14.
O-O Qxe5 15. Rfe1 Qf5 16. Re2 Qg6 17. Kf1 Bd7 18. f3 Rfe8 19. Rxe8+ Rxe8
20. Re1 Rxe1+ 21. Kxe1 Be6 22. Bxe6 fxe6 23. Qe2 Qg3+ 24. Kd1 Qd6 25. g4
Qb4 26. Kc1 Kf7 27. Kb1 Nd5 28. Qf1 Ne3 29. Qe2 Ng2 30. c3 dxc3 31. Qxg2
Qxb2+ 32. Qxb2 cxb2 33. Kxb2 Kf6 34. Kc2 Kg5 35. Kd2 Kf4 36. Ke2 Kg3 37.
Ke3 Kxh3 38. Kf4 g5+ 39. Ke5 Kg3 40. Kxe6 Kxf3 41. Kd7 Kxg4 42. Kxc7 h5 43.
d4 h4 44. d5 h3 45. d6 h2 46. d7 h1=Q 47. d8=Q Qc6+ 48. Kb8 Qc1 49. Qd7+
Kg3 50. Qd3+ Kh4 51. Qh7+ Kg3 52. Qd3+ Kf2 53. Qd4+ Qe3 54. Qb2+ Kf3 55.
Qf6+ Qf4+ 56. Qxf4+ Kxf4 57. Kxb7 g4 58. Kxb6 g3 59. a4 g2 60. a5 g1=Q+ 61.
Kb7 Qg7+ 62. Ka6 Qb2 63. Ka7 Ke5 64. Ka8 Kd6 65. a6 Kc7 66. a7 Qb7# { White
checkmated } 0-1

[Event "ICC tourney 2356 (30 5)"]
[Site "Internet Chess Club"]
[Date "2021.01.30"]
[Round "3"]
[White "EthanVSA"]
[Black "SAHYEric"]
[Result "0-1"]
[ICCResult "White resigns"]
[WhiteElo "872"]
[BlackElo "1031"]
[Opening "Queen's pawn game"]
[ECO "E60"]
[NIC "QP.07"]
[Time "14:12:52"]
[PlyCount "88"]
[TimeControl "1800+5"]

1. d4 Nf6 2. e3 g6 3. c4 d6 4. b3 Bg7 5. Bb2 b6 6. Nc3 Bb7 7. Nf3 O-O 8.
Qd2 Nc6 9. O-O-O a5 10. Kb1 Nb4 11. a3 Na6 12. Nb5 c6 13. Nc3 Qd7 14. Na4
Qc7 15. Rc1 Nd7 16. Qc2 Rac8 17. d5 cxd5 18. cxd5 Qb8 19. Qd2 Rxc1+ 20.
Bxc1 Nac5 21. Nxc5 Nxc5 22. Bc4 Qd8 23. Ka2 e5 24. dxe6 fxe6 25. b4 axb4
26. axb4 Nd7 27. Bxe6+ Kh8 28. Qxd6 Qa8+ 29. Ba3 Nf6 30. Ne5 Bxg2 31. Rg1
Bd5+ 32. Bxd5 Nxd5 33. Kb3 Rxf2 34. e4 Ne3 35. Nc6 Rf3 36. Rg3 Nf5+ 37.
Rxf3 Nxd6 38. b5 Nxb5 39. Kb4 Qxc6 40. Rf4 Bf8+ 41. Rxf8+ Kg7 42. Rf4 Na7
43. Bb2+ Kh6 44. h4 Qd6+ { White resigns } 0-1

[Event "ICC tourney 2356 (30 5)"]
[Site "Internet Chess Club"]
[Date "2021.01.30"]
[Round "3"]
[White "Gaku398973"]
[Black "Leo2010Spurs"]
[Result "1-0"]
[ICCResult "Black checkmated"]
[WhiteElo "1310"]
[BlackElo "868"]
[Opening "French defense"]
[ECO "C00"]
[NIC "FR.01"]
[Time "14:12:52"]
[PlyCount "191"]
[TimeControl "1800+5"]

1. e4 e6 2. Nc3 d5 3. exd5 exd5 4. d4 Bb4 5. Bd2 Nc6 6. Bb5 a6 7. Bxc6+
bxc6 8. Nf3 Nf6 9. O-O O-O 10. Re1 Re8 11. Ne5 Bd6 12. Nxc6 Rxe1+ 13. Qxe1
Qd7 14. Na5 Qe7 15. Qxe7 Bxe7 16. Re1 Kf8 17. Nb3 Bd6 18. Bg5 h6 19. Bxf6
gxf6 20. Nxd5 Bf5 21. Nxf6 Bxc2 22. Rc1 Bxb3 23. axb3 Ke7 24. Nd5+ Kd7 25.
Nf6+ Ke7 26. Ne4 Re8 27. Nxd6 cxd6 28. Re1+ Kd7 29. Rxe8 Kxe8 30. Kf1 Kd7
31. Ke2 Kc6 32. Kd3 Kb5 33. Kc3 f5 34. g3 a5 35. h4 Kc6 36. Kd3 Kd5 37. h5
Ke6 38. Ke3 Kd5 39. Kf4 Kxd4 40. Kxf5 Kc5 41. Kg6 d5 42. Kxh6 d4 43. Kg6 d3
44. h6 d2 45. h7 d1=Q 46. h8=Q Qd3+ 47. Kg5 Qd2+ 48. Kg4 Qd1+ 49. f3 Qxb3
50. Qc8+ Kd4 51. Qd7+ Kc4 52. Qf7+ Kb4 53. Qf4+ Kb5 54. Qe5+ Kc4 55. Qxa5
Qxb2 56. Qc7+ Kd5 57. Qd7+ Kc5 58. Qf5+ Kc4 59. Qe4+ Kc5 60. Kf5 Qf2 61.
Qe5+ Kc4 62. Qc7+ Kd5 63. Qa5+ Kd6 64. Qa3+ Kd5 65. Qa8+ Kd6 66. Qa3+ Kd5
67. Qb3+ Kd6 68. Qb4+ Kd5 69. Kg4 Ke6 70. Qe4+ Kd6 71. f4 Kd7 72. f5 Qf1
73. Qd5+ Ke7 74. Qe6+ Kd8 75. f6 Qd1+ 76. Kg5 Qd2+ 77. Kg6 Qd3+ 78. Kg7
Qxg3+ 79. Kf7 Kc7 80. Ke8 Qg6+ 81. Qf7+ Qxf7+ 82. Kxf7 Kd8 83. Kg8 Ke8 84.
f7+ Kd7 85. f8=Q Kc7 86. Qe8 Kb7 87. Qd8 Ka7 88. Qc8 Kb6 89. Kf7 Ka7 90.
Ke7 Kb6 91. Kd6 Ka7 92. Qc1 Kb6 93. Qb1+ Ka7 94. Kc6 Ka8 95. Kc7 Ka7 96.
Qa1# { Black checkmated } 1-0

[Event "ICC tourney 2356 (30 5)"]
[Site "Internet Chess Club"]
[Date "2021.01.30"]
[Round "3"]
[White "adlerbe"]
[Black "kaiw49"]
[Result "0-1"]
[ICCResult "White checkmated"]
[WhiteElo "1028"]
[BlackElo "850"]
[Opening "QGA: 3.e4"]
[ECO "D20"]
[NIC "QG.04"]
[Time "14:12:01"]
[PlyCount "50"]
[TimeControl "1800+5"]

1. d4 d5 2. c4 dxc4 3. e4 Nc6 4. Nf3 Bg4 5. Be3 e6 6. Bxc4 Nf6 7. Nc3 Bb4
8. d5 exd5 9. exd5 Ne7 10. Qa4+ c6 11. Qxb4 O-O 12. Ne5 cxd5 13. Nxg4 Nxg4
14. Bc5 Re8 15. Bb5 Nc6+ 16. Ne2 Nxb4 17. Bxe8 Qxe8 18. Bxb4 d4 19. Rd1 Rd8
20. Kf1 d3 21. Nc3 d2 22. h3 Ne5 23. b3 Nd3 24. Ba3 Qe1+ 25. Rxe1 dxe1=Q# {
White checkmated } 0-1

[Event "ICC tourney 2356 (30 5)"]
[Site "Internet Chess Club"]
[Date "2021.01.30"]
[Round "3"]
[White "Skullcrusher"]
[Black "Pawnmanicc"]
[Result "1-0"]
[ICCResult "Black checkmated"]
[WhiteElo "1156"]
[BlackElo "1281"]
[Opening "Sicilian: Scheveningen variation"]
[ECO "B80"]
[NIC "SI.19"]
[Time "14:12:52"]
[PlyCount "77"]
[TimeControl "1800+5"]

1. e4 c5 2. Nf3 d6 3. d4 cxd4 4. Nxd4 Nf6 5. Nc3 e6 6. Bg5 Be7 7. Bd3 Nc6
8. Nce2 O-O 9. O-O Qb6 10. Nb3 Nb4 11. Nf4 Nxd3 12. Nxd3 Qc7 13. Qf3 a6 14.
Rfe1 b5 15. e5 Bb7 16. Qg3 dxe5 17. Bh6 Nh5 18. Qg4 Kh8 19. Qxh5 gxh6 20.
Qxh6 Qc6 21. f3 Rg8 22. Nxe5 Qb6+ 23. Kh1 Raf8 24. Nd7 Qf2 25. Rg1 Bxf3 26.
Qh3 Bg4 27. Qc3+ Rg7 28. Nxf8 Bxf8 29. Raf1 Qh4 30. Rf4 Bd6 31. g3 Qh3 32.
Rxf7 e5 33. Rxg7 Kxg7 34. Nd2 Qh5 35. Rf1 Be2 36. Rf2 Bg4 37. Ne4 Bf8 38.
Qc7+ Kh8 39. Rxf8# { Black checkmated } 1-0

[Event "ICC tourney 2356 (30 5)"]
[Site "Internet Chess Club"]
[Date "2021.01.30"]
[Round "3"]
[White "Anushkaa"]
[Black "fluffyfloofers"]
[Result "1-0"]
[ICCResult "Black checkmated"]
[WhiteElo "1281"]
[BlackElo "1157"]
[Opening "Sicilian: Kan, 5.Nc3"]
[ECO "B43"]
[NIC "SI.41"]
[Time "14:12:52"]
[PlyCount "123"]
[TimeControl "1800+5"]

1. e4 c5 2. Nf3 e6 3. d4 cxd4 4. Nxd4 a6 5. Nc3 Qc7 6. Be2 b5 7. O-O Bb7 8.
a3 d6 9. Bf3 Nf6 10. Re1 Nbd7 11. Be3 Be7 12. Nb3 O-O 13. Bd4 Rac8 14. Rc1
Nb6 15. e5 Bxf3 16. Qxf3 dxe5 17. Bxe5 Qc6 18. Qxc6 Rxc6 19. Nd4 Rcc8 20.
h3 Nc4 21. Rb1 Nxa3 22. bxa3 Rxc3 23. Nxe6 Rxa3 24. Nxf8 Bxf8 25. Bxf6 gxf6
26. Re4 Rc3 27. Rb2 Rc8 28. Ra2 Ra8 29. Rf4 Be7 30. Rf5 b4 31. Rfa5 Kg7 32.
Rxa6 Rb8 33. Rb2 Bc5 34. Kf1 Bd4 35. Rb3 Bc3 36. Rc6 Be5 37. Rc4 Bd6 38.
Rd4 Bc5 39. Rg4+ Kh8 40. c3 Bd6 41. cxb4 Ra8 42. f3 Ra1+ 43. Ke2 Ra2+ 44.
Kd3 Ra1 45. b5 Rd1+ 46. Kc2 Rf1 47. b6 Rf2+ 48. Kd3 Ra2 49. b7 h6 50. b8=Q+
Bxb8 51. Rxb8+ Kh7 52. Rb7 Ra3+ 53. Kc2 Ra2+ 54. Kb1 Rf2 55. Rxf7+ Kh8 56.
Rxf6 Rf1+ 57. Kc2 Rf2+ 58. Kd3 Kh7 59. Rfg6 Ra2 60. Rg7+ Kh8 61. Rg8+ Kh7
62. R4g7# { Black checkmated } 1-0

[Event "ICC tourney 2356 (30 5)"]
[Site "Internet Chess Club"]
[Date "2021.01.30"]
[Round "3"]
[White "kgtkgt2010"]
[Black "augustgps230"]
[Result "1/2-1/2"]
[ICCResult "Game drawn by repetition"]
[WhiteElo "1295"]
[BlackElo "1183"]
[Opening "Sicilian: Smith-Morra gambit"]
[ECO "B21"]
[NIC "SI.48"]
[Time "14:12:50"]
[PlyCount "97"]
[TimeControl "1800+5"]

1. e4 c5 2. d4 cxd4 3. Nf3 Nf6 4. e5 Nd5 5. Qxd4 e6 6. Bc4 Nc6 7. Qd3 Ndb4
8. Qc3 Nxa2 9. Qe3 Nxc1 10. Qxc1 Qb6 11. O-O Bc5 12. Nc3 O-O 13. Na4 Qb4
14. b3 b5 15. c3 Qa5 16. Nxc5 Qb6 17. Qe3 bxc4 18. bxc4 Qc7 19. Rfd1 Rd8
20. Qg5 h6 21. Qg4 Nxe5 22. Nxe5 Qxe5 23. Qf3 d5 24. Re1 Qd6 25. Qe3 d4 26.
cxd4 Qxd4 27. Qf3 Bd7 28. Nxd7 Qxd7 29. Rad1 Qe7 30. Rd3 Rxd3 31. Qxa8+ Rd8
32. Qf3 Rc8 33. Rc1 Qb4 34. Qd3 a5 35. c5 Rxc5 36. Qd8+ Kh7 37. Qd3+ g6 38.
Rf1 a4 39. Qf3 Kg7 40. h3 Rc3 41. Qd1 a3 42. Qa1 Qb2 43. Qd1 a2 44. Qd4+
Kh7 45. Qd7 Kg8 46. Qd8+ Kh7 47. Qd7 Kg8 48. Qd8+ Kh7 49. Qd7 { Game drawn
by repetition } 1/2-1/2

[Event "ICC tourney 2356 (30 5)"]
[Site "Internet Chess Club"]
[Date "2021.01.30"]
[Round "4"]
[White "Aidenmaps"]
[Black "Leo2010Spurs"]
[Result "0-1"]
[ICCResult "White resigns"]
[WhiteElo "985"]
[BlackElo "868"]
[Opening "QGD Slav defense: exchange variation"]
[ECO "D10"]
[NIC "SL.01"]
[Time "16:03:18"]
[PlyCount "26"]
[TimeControl "1800+5"]

1. d4 d5 2. c4 c6 3. cxd5 cxd5 4. Nc3 Nf6 5. Qc2 Be6 6. Bf4 g6 7. e3 Bg7 8.
Nf3 O-O 9. O-O-O Nc6 10. Bd3 Nb4 11. Qb3 Nxd3+ 12. Rxd3 Rc8 13. Kb1 Bf5 {
White resigns } 0-1

[Event "ICC tourney 2356 (30 5)"]
[Site "Internet Chess Club"]
[Date "2021.01.30"]
[Round "4"]
[White "NiccoloChess"]
[Black "calebru"]
[Result "0-1"]
[ICCResult "White checkmated"]
[WhiteElo "1014"]
[BlackElo "774"]
[Opening "Queen's pawn"]
[ECO "A40"]
[NIC "QO.17"]
[Time "16:03:40"]
[PlyCount "48"]
[TimeControl "1800+5"]

1. d4 e6 2. Bf4 d5 3. e3 Nf6 4. c3 Nc6 5. Nf3 Be7 6. Nbd2 O-O 7. Bd3 b6 8.
Qc2 a5 9. Ng5 Ne4 10. Ndxe4 dxe4 11. Bxe4 Bxg5 12. Bxh7+ Kh8 13. Bxg5 Qxg5
14. O-O e5 15. dxe5 Bh3 16. Be4 Nxe5 17. Rfe1 f5 18. Bxa8 c6 19. g3 Nf3+
20. Kh1 Nxe1 21. Rxe1 Rxa8 22. f4 Qg4 23. Kg1 Qf3 24. Re2 Qf1# { White
checkmated } 0-1

[Event "ICC tourney 2356 (30 5)"]
[Site "Internet Chess Club"]
[Date "2021.01.30"]
[Round "4"]
[White "ItamarR"]
[Black "ASJosh26"]
[Result "0-1"]
[ICCResult "White checkmated"]
[WhiteElo "1016"]
[BlackElo "1218"]
[Opening "Vienna: Steinitz gambit"]
[ECO "C25"]
[NIC "VG.04"]
[Time "16:04:10"]
[PlyCount "62"]
[TimeControl "1800+5"]

1. e4 e5 2. Nc3 Nc6 3. f4 exf4 4. d4 Qh4+ 5. g3 fxg3 6. Nf3 g2+ 7. Nxh4
gxh1=Q 8. d5 Qxh2 9. Bg5 Qg3+ 10. Kd2 Qxg5+ 11. Ke2 Qxh4 12. dxc6 Qh2+ 13.
Ke1 Bc5 14. Qf3 dxc6 15. Bc4 Qg1+ 16. Kd2 Qd4+ 17. Bd3 Nf6 18. Rg1 Qxg1 19.
e5 Qf2+ 20. Qxf2 Bxf2 21. exf6 gxf6 22. Ne4 f5 23. Nxf2 Rg8 24. Nh3 Rg3 25.
Nf4 Rf3 26. Ne2 f4 27. Nd4 Re3 28. Bxh7 c5 29. Nf5 Bxf5 30. Bxf5 Rd8+ 31.
Kc1 Re1# { White checkmated } 0-1

[Event "ICC tourney 2356 (30 5)"]
[Site "Internet Chess Club"]
[Date "2021.01.30"]
[Round "4"]
[White "CharlesJps77"]
[Black "HYNoahAlexaderB"]
[Result "1-0"]
[ICCResult "Black checkmated"]
[WhiteElo "965"]
[BlackElo "1098"]
[Opening "Queen's pawn game"]
[ECO "A45"]
[NIC "QP.07"]
[Time "16:03:40"]
[PlyCount "61"]
[TimeControl "1800+5"]

1. d4 Nf6 2. Nc3 g6 3. e4 Bg7 4. e5 Nh5 5. g4 b6 6. Bg2 Nc6 7. gxh5 gxh5 8.
Qxh5 Bb7 9. d5 Nxe5 10. Bf4 Ng6 11. Be4 e5 12. Bxg6 hxg6 13. Qe2 d6 14. Nf3
Qf6 15. Bg5 Qf5 16. Rg1 f6 17. Nh4 Qd7 18. Nxg6 fxg5 19. Nxh8 Bxh8 20. Qh5+
Qf7 21. Qxh8+ Qf8 22. Qxf8+ Kxf8 23. Rxg5 Ke7 24. Rg7+ Kf6 25. Rxc7 Ba6 26.
Ne4+ Kf5 27. Nxd6+ Kf4 28. Rf7+ Kg4 29. Kd2 Rd8 30. Rg1+ Kh5 31. Rh7# {
Black checkmated } 1-0

[Event "ICC tourney 2356 (30 5)"]
[Site "Internet Chess Club"]
[Date "2021.01.30"]
[Round "4"]
[White "passedpawn2010"]
[Black "Patrickmps33"]
[Result "1-0"]
[ICCResult "Black checkmated"]
[WhiteElo "1000"]
[BlackElo "557"]
[Opening "QGD: Chigorin defense, Janowski variation"]
[ECO "D20"]
[NIC "QG.03"]
[Time "16:03:22"]
[PlyCount "79"]
[TimeControl "1800+5"]

1. d4 d5 2. c4 dxc4 3. Nc3 Nc6 4. Nf3 Bf5 5. a3 e6 6. e4 Bg4 7. Bxc4 Bd6 8.
d5 exd5 9. Bxd5 Nce7 10. Bb3 Nf6 11. O-O O-O 12. e5 Bxe5 13. Qxd8 Raxd8 14.
Nxe5 Be6 15. Bxe6 fxe6 16. Bg5 Rd2 17. Bxd2 Ng4 18. Nxg4 Nf5 19. Ne5 Nd4
20. Be3 Nc2 21. Rac1 Nxe3 22. fxe3 Rd8 23. Rf2 Kh8 24. Rcf1 Kg8 25. Nd3 h6
26. Nf4 Kf7 27. Nfd5+ Kg8 28. Ne7+ Kh7 29. Rf7 Rh8 30. R1f3 h5 31. Rg3 Kh6
32. Rfxg7 h4 33. R3g6+ Kh5 34. Rg5+ Kh6 35. Ng8+ Rxg8 36. Rxg8 e5 37. Rg4
Kh5 38. Ne4 c5 39. Nf6+ Kh6 40. Rxh4# { Black checkmated } 1-0

[Event "ICC tourney 2356 (30 5)"]
[Site "Internet Chess Club"]
[Date "2021.01.30"]
[Round "4"]
[White "tisernhagen1"]
[Black "Oliver1004"]
[Result "1-0"]
[ICCResult "Black resigns"]
[WhiteElo "1193"]
[BlackElo "565"]
[Opening "Giuoco Piano"]
[ECO "C53"]
[NIC "IG.02"]
[Time "16:03:18"]
[PlyCount "71"]
[TimeControl "1800+5"]

1. e4 e5 2. Nf3 Nc6 3. Bc4 Bc5 4. c3 d6 5. d3 Be6 6. Bb3 Nf6 7. Be3 Bb6 8.
O-O Qd7 9. Ng5 h6 10. Nf3 g5 11. h3 g4 12. hxg4 h5 13. g5 Ng4 14. Qe2 O-O-O
15. a4 a5 16. Bxe6 Qxe6 17. d4 exd4 18. Nxd4 Nxd4 19. Bxd4 Rhg8 20. Bxb6
cxb6 21. Nd2 Rxg5 22. Nc4 Kc7 23. Qe3 Rdg8 24. Qxb6+ Kc8 25. Nxd6+ Kd7 26.
Rad1 Ke7 27. Nf5+ Rxf5 28. Qxe6+ Kxe6 29. exf5+ Kxf5 30. Rd5+ Ke6 31. Rxa5
Ne5 32. Re1 Rg5 33. f4 Rf5 34. Raxe5+ Rxe5 35. Rxe5+ Kf6 36. Kf2 { Black
resigns } 1-0

[Event "ICC tourney 2356 (30 5)"]
[Site "Internet Chess Club"]
[Date "2021.01.30"]
[Round "4"]
[White "AndychessSohn"]
[Black "SABHHMischler"]
[Result "1-0"]
[ICCResult "Black checkmated"]
[WhiteElo "1105"]
[BlackElo "657"]
[Opening "Giuoco Piano"]
[ECO "C54"]
[NIC "IG.02"]
[Time "16:03:46"]
[PlyCount "45"]
[TimeControl "1800+5"]

1. e4 e5 2. Nf3 Nc6 3. Bc4 Bc5 4. c3 Nf6 5. O-O O-O 6. d4 exd4 7. cxd4 Bb6
8. Bg5 d6 9. Qc2 Nxd4 10. Qc3 c5 11. Nbd2 Be6 12. Rfe1 h6 13. Bh4 Qe7 14.
e5 dxe5 15. Nxe5 Rac8 16. Qg3 Nc2 17. Ne4 Kh8 18. Nxf6 gxf6 19. Bxe6 fxe6
20. Ng6+ Kh7 21. Nxe7 Rce8 22. Qg6+ Kh8 23. Qxh6# { Black checkmated } 1-0

[Event "ICC tourney 2356 (30 5)"]
[Site "Internet Chess Club"]
[Date "2021.01.30"]
[Round "4"]
[White "cupicol600"]
[Black "SAJacob"]
[Result "1-0"]
[ICCResult "Black checkmated"]
[WhiteElo "826"]
[BlackElo "1164"]
[Opening "Queen's gambit accepted"]
[ECO "D20"]
[NIC "QG.03"]
[Time "16:05:00"]
[PlyCount "67"]
[TimeControl "1800+5"]

1. d4 d5 2. c4 dxc4 3. e3 c3 4. Nxc3 Nf6 5. Nf3 Nc6 6. Bb5 b6 7. d5 Nxd5 8.
Qxd5 Qxd5 9. Nxd5 Kd7 10. Ne5+ Ke6 11. Bxc6 Rb8 12. f4 Bb7 13. Bxb7 Rxb7
14. e4 f6 15. Nc6 g5 16. Nd8+ Kd7 17. Nxb7 Kc6 18. Nd8+ Kc5 19. Nf7 Rg8 20.
fxg5 fxg5 21. Nxg5 Bh6 22. Ne6+ Kd6 23. Bxh6 Rg6 24. Nexc7 Rxh6 25. O-O e6
26. Ne8+ Ke5 27. Ndc7 Kxe4 28. Rae1+ Kd3 29. Rxe6 Rh5 30. Rd6+ Kc2 31. Rf2+
Kc1 32. Re6 Kd1 33. Kf1 Rxh2 34. Re1# { Black checkmated } 1-0

[Event "ICC tourney 2356 (30 5)"]
[Site "Internet Chess Club"]
[Date "2021.01.30"]
[Round "4"]
[White "alexandermps77"]
[Black "SpaceBorg"]
[Result "1-0"]
[ICCResult "Black resigns"]
[WhiteElo "1120"]
[BlackElo "800"]
[Opening "Queen's pawn: Chigorin variation"]
[ECO "D00"]
[NIC "QP.08"]
[Time "16:03:47"]
[PlyCount "83"]
[TimeControl "1800+5"]

1. d4 d5 2. Nc3 Nc6 3. Bf4 e6 4. a3 Bd6 5. Bg3 Nf6 6. Nf3 O-O 7. e3 b6 8.
Ne5 Bxe5 9. dxe5 Ne4 10. Nxe4 dxe4 11. Bb5 Bb7 12. O-O a6 13. Ba4 b5 14.
Bb3 Na5 15. Ba2 Nc6 16. Qg4 f5 17. Qh3 Na7 18. Bh4 Qd7 19. Qg3 g6 20. Bf6
Nc8 21. Rad1 Qf7 22. f3 Nb6 23. fxe4 Bxe4 24. Qe1 Nd5 25. c4 Nxf6 26. exf6
Qxf6 27. cxb5 axb5 28. Qb4 Rab8 29. Qb3 Bd5 30. Qc2 Bxa2 31. b3 Bxb3 32.
Qxb3 Rf7 33. e4 Kg7 34. exf5 exf5 35. g4 Qb6+ 36. Kg2 Qc6+ 37. Kg1 Qc5+ 38.
Kg2 Rbf8 39. gxf5 Rxf5 40. Rd7+ Kh8 41. Qb2+ Qe5 42. Qxe5+ { Black resigns
} 1-0

[Event "ICC tourney 2356 (30 5)"]
[Site "Internet Chess Club"]
[Date "2021.01.30"]
[Round "4"]
[White "BPNPanther"]
[Black "NoGameJustWins"]
[Result "0-1"]
[ICCResult "White resigns"]
[WhiteElo "984"]
[BlackElo "1016"]
[Opening "Scotch opening"]
[ECO "C44"]
[NIC "KP.10"]
[Time "16:04:10"]
[PlyCount "140"]
[TimeControl "1800+5"]

1. e4 e5 2. Nf3 Nc6 3. d4 d6 4. d5 Nb8 5. Nc3 Bg4 6. h3 Bxf3 7. Qxf3 Nf6 8.
Bg5 Be7 9. Bd3 O-O 10. O-O-O Nbd7 11. Bxf6 Bxf6 12. g4 a5 13. h4 c6 14. g5
Bxg5+ 15. hxg5 Qxg5+ 16. Kb1 Nf6 17. Rdg1 Qd2 18. dxc6 bxc6 19. Qg3 g6 20.
Rd1 Qf4 21. Qh2 Qxh2 22. Rxh2 Rab8 23. b3 Rb7 24. Ne2 Rfb8 25. Bc4 Nxe4 26.
f3 Nf6 27. Rxd6 Kg7 28. Rxc6 Rd7 29. Nc3 Re7 30. Nd5 Nxd5 31. Bxd5 Rd8 32.
c4 f5 33. Rg2 e4 34. fxe4 fxe4 35. Rg4 e3 36. Re6 Rxe6 37. Bxe6 h5 38. Re4
Rd3 39. Kc2 Rd2+ 40. Kc1 Rxa2 41. Rxe3 Kf6 42. Bd5 g5 43. c5 Rf2 44. c6 Rf5
45. c7 Re5 46. Rxe5 Kxe5 47. c8=Q Kxd5 48. Qb7+ Ke5 49. Qb5+ Kf4 50. Qxa5
h4 51. Qb4+ Kg3 52. Qc3+ Kh2 53. Qf3 h3 54. Kd1 g4 55. Qf2+ Kh1 56. Ke1 g3
57. Qf1+ Kh2 58. Qe2+ g2 59. Qe5+ Kh1 60. b4 g1=Q+ 61. Ke2 Qg2+ 62. Ke3
Qg1+ 63. Ke4 Qe1+ 64. Kf4 Qxe5+ 65. Kxe5 h2 66. b5 Kg2 67. b6 h1=Q 68. b7
Kf2 69. b8=Q Qh2+ 70. Ke6 Qxb8 { White resigns } 0-1

[Event "ICC tourney 2356 (30 5)"]
[Site "Internet Chess Club"]
[Date "2021.01.30"]
[Round "4"]
[White "SAHYEric"]
[Black "SAIsaiah2010"]
[Result "1-0"]
[ICCResult "Black checkmated"]
[WhiteElo "1031"]
[BlackElo "837"]
[Opening "Queen's pawn, Mason variation"]
[ECO "D00"]
[NIC "QP.08"]
[Time "16:03:45"]
[PlyCount "73"]
[TimeControl "1800+5"]

1. d4 d5 2. Bf4 Nf6 3. e3 g6 4. c3 Bg7 5. Nf3 O-O 6. Bd3 b6 7. Qc2 c5 8.
Nbd2 c4 9. Be2 Bf5 10. Qc1 Re8 11. b3 b5 12. a4 a6 13. axb5 Nbd7 14. bxa6
e5 15. dxe5 Nxe5 16. Nxe5 Nd7 17. Nef3 Nc5 18. bxc4 Nxa6 19. cxd5 Qxd5 20.
Rxa6 Rxa6 21. Bxa6 Qc6 22. Be2 Bxc3 23. O-O Rc8 24. Qa3 Bg7 25. h3 Bf8 26.
Qa2 Bg7 27. Nb3 Be6 28. Bg3 Qb6 29. Rb1 h6 30. Nbd4 Bxa2 31. Rxb6 Rc1+ 32.
Kh2 Kh7 33. Be5 Bf8 34. Rb7 Bc5 35. Rb8 g5 36. Bd3+ f5 37. Bxf5# { Black
checkmated } 1-0